 Dungeon Crawl Stone Soup version 0.29.0-4-gdea44cf6ec (webtiles) character file.

Game seed: 13762279419902241723

88 qw the Ruffian (level 4, -4/35 HPs)
             Began as a Ghoul Fire Elementalist on Aug 29, 2022.
             Killed from afar by Natasha (7 damage)
             ... with a magic dart
             ... on level 2 of the Dungeon.
             The game lasted 00:01:14 (1506 turns).

qw the Ruffian (Ghoul Fire Elementalist)            Turns: 1506, Time: 00:01:15

Health: -4/35      AC:  2    Str: 13    XL:     4   Next: 53%
Magic:  5/5        EV: 12    Int: 10    God:
Gold:   66         SH:  0    Dex:  9    Spells: 5/6 levels left

rFire   . . .      SeeInvis .     - Unarmed
rCold   + . .      Faith    .   (no shield)
rNeg    + + +      Spirit   .   a - +0 robe
rPois   inf        Reflect  .   (no helmet)
rElec   .          Harm     .   (no cloak)
rCorr   .          Rampage  .   (no gloves)
Will    .....                   (no boots)
Stlth   ++........              (no amulet)
HPRegen 0.00/turn               (no ring)
MPRegen 0.09/turn               (no ring)

@: inhibited regen
A: claws 1, cold resistance 1, negative energy resistance 3, inhibited
regeneration, torment resistance 2, devour on kill
a: no special abilities


You were on level 2 of the Dungeon.
You visited 1 branch of the dungeon, and saw 2 of its levels.

You collected 66 gold pieces.


Innate Abilities, Weirdness & Mutations

You are immune to poison.
You have sharp fingernails.
Your flesh is cold resistant. (rC+)
You are immune to negative energy. (rN+++)
You do not regenerate when monsters are visible.
You are immune to unholy pain and torment.
You thrive by killing the living.


   Skills:
 + Level 1.2 Fighting
 - Level 1.7 Dodging
 - Level 2.1 Stealth
 - Level 4.1 Unarmed Combat
 - Level 1.7 Spellcasting
 - Level 0.7 Conjurations
 - Level 2.4 Fire Magic


You had 5 spell levels left.
You knew the following spells:

 Your Spells              Type           Power      Damage    Failure   Level
a - Foxfire               Conj/Fire      16%        2x1d4     17%         1

Your spell library contained the following spells:

 Spells                   Type           Power      Damage    Failure   Level
 Scorch                   Fire           10%        2d5       19%         2
 Conjure Flame            Conj/Fire      4%         6-21      45%         3
 Inner Flame              Hex/Fire       3%         N/A       52%         3
 Flame Wave               Conj/Fire      4%         2d5       86%         4

Inventory:

Armour
 a - a +0 robe (worn)
 i - a +0 leather armour
Scrolls
 b - 2 scrolls of enchant armour {unknown}
 c - a scroll of torment {unknown}
 e - a scroll of silence {unknown}
 h - a scroll of blinking {unknown}
Potions
 d - 2 potions of curing
 f - a potion of haste {unknown}
 g - a potion of mutation {unknown}

Dungeon Overview and Level Annotations

Branches:
Dungeon (2/15)

Altars:

Annotations:
D:2 Natasha


Message History

You scratch the giant cockroach. You claw the giant cockroach.
You kill the giant cockroach!
There is a stone staircase leading up here.
i - a +0 leather armour You now have 66 gold pieces (gained 12).
Natasha is nearby!
Enter note:
1488 ||| Stepping ~*~*~tactically~*~*~ (stealth).
1490 ||| Stepping ~*~*~tactically~*~*~ (stealth).
Natasha hisses angrily.
Natasha zaps a wand.
The puff of flame misses you.
1492 ||| Stepping ~*~*~tactically~*~*~ (hiding).
You start waiting.
Natasha is nearby!
Natasha casts a spell at you. The magic dart hits you.
Natasha closely misses you.
You barely miss Natasha. Natasha closely misses you.
You closely miss Natasha. Natasha casts a spell at you.
The magic dart hits you!
You closely miss Natasha.
Natasha zaps a wand.
The puff of flame hits you.
You barely miss Natasha. Natasha claws you.
You scratch Natasha.
Natasha is moderately wounded.
You barely miss Natasha.
Natasha is moderately wounded.
Natasha stares at you and mumbles some strange words.
The magic dart hits you!
You scratch Natasha but do no damage.
Natasha is moderately wounded.
Natasha claws you.
You scratch Natasha.
Natasha is heavily wounded.
Natasha casts a spell at you. The magic dart hits you!
You die...

#.# ##....>...#####
#.# #..##..#######
##.###.###.#......#
#..#.......#......#
#.##>...%..#......#
#.##.......#......#
#.#........#......#
#.#...............#
#..@h.............##
#..#...............^
#..#........###...>.
#####....#### ######
...#### .).# ###


You could see Natasha.

Vanquished Creatures
  Natasha (twice) (D:2)
  An adder (D:2)
  A worm (D:2)
  2 endoplasms
  3 giant cockroaches
  A goblin (D:1)
  3 hobgoblins (D:1)
  A kobold (D:1)
  A quokka (D:1)
  6 ball pythons
  3 bats
  2 rats (D:1)
26 creatures vanquished.

Notes
Turn   | Place    | Note
-------+----------+-------------------------------------------
     0 | D:1      | qw the Ghoul Fire Elementalist began the quest for the Orb.
     0 | D:1      | Reached XP level 1. HP: 14/14 MP: 2/2
     0 | D:1      | 0 ||| qw: Version: 0.1-a-90-g952f4b7
     0 | D:1      | 0 ||| qw: Game counter: 4030
     0 | D:1      | 0 ||| qw: Always use a shield: true
     0 | D:1      | 0 ||| qw: God list: Okawaru
     0 | D:1      | 0 ||| qw: Allow faded altars: false
     0 | D:1      | 0 ||| qw: Do Orc after D:15 true
     0 | D:1      | 0 ||| qw: Do second Lair branch before Depths: true
     0 | D:1      | 0 ||| qw: Lair rune preference: random
     0 | D:1      | 0 ||| qw: Plans: Normal
     0 | D:1      | 0 ||| PLANNING D:1-11
   188 | D:1      | Reached skill level 1 in Unarmed Combat
   486 | D:1      | Reached XP level 2. HP: 21/22 MP: 3/3
   514 | D:1      | Reached skill level 1 in Fighting
   654 | D:1      | Found a faded altar of an unknown god.
   664 | D:1      | 664 ||| Stepping ~*~*~tactically~*~*~ (stealth).
   665 | D:1      | 665 ||| Stepping ~*~*~tactically~*~*~ (stealth).
   739 | D:1      | Reached skill level 2 in Unarmed Combat
   864 | D:1      | 864 ||| READING scroll labelled DEWAISAGI.
   865 | D:1      | 865 ||| READING scroll labelled PIP NASUOZIUKK.
   866 | D:1      | 866 ||| DRINKING 2 murky dark potions.
   867 | D:1      | 867 ||| DROPPING potion of magic.
   939 | D:2      | Reached XP level 3. HP: 24/28 MP: 4/4
  1148 | D:2      | Noticed Natasha
  1158 | D:2      | Killed Natasha
  1159 | D:2      | Reached skill level 3 in Unarmed Combat
  1159 | D:2      | Reached XP level 4. HP: 17/35 MP: 5/5
  1280 | D:2      | Noticed Natasha
  1293 | D:2      | Killed Natasha
  1294 | D:2      | Reached skill level 4 in Unarmed Combat
  1377 | D:2      | Noticed Natasha
  1378 | D:2      | 1378 ||| Stepping ~*~*~tactically~*~*~ (stealth).
  1379 | D:2      | 1379 ||| Stepping ~*~*~tactically~*~*~ (stealth).
  1393 | D:2      | 1393 ||| FLEEEEING.
  1394 | D:2      | 1394 ||| FLEEEEING.
  1488 | D:2      | 1488 ||| Stepping ~*~*~tactically~*~*~ (stealth).
  1490 | D:2      | 1490 ||| Stepping ~*~*~tactically~*~*~ (stealth).
  1492 | D:2      | 1492 ||| Stepping ~*~*~tactically~*~*~ (hiding).
  1504 | D:2      | HP: 4/35 [Natasha/magic dart (11)]
  1506 | D:2      | Killed from afar by Natasha

Levels and vault maps discovered:
D:1:      dpeg_arrival_three_smaller_balls, layout_rooms,
          shapermc_ecumenical_altar_totnotflames, hangedman_decor_slide_cut
D:2:      layout_rooms, uniq_natasha

Skill      XL: |  1  2  3  4 |
---------------+-------------+-----
Unarmed Combat | 1 2 3 4 |  4.1
Fighting       | 1 |  1.2
Dodging        | |  1.7
Stealth        | |  2.1
Spellcasting   | |  1.7
Conjurations   | |  0.7
Fire Magic     | |  2.4

Action                   |  1- 3 |  4- 6 || total
-------------------------+-------+-------++-------
Melee: Unarmed           |    94 |    17 ||   111
       Punch             |     1 |     1 ||     2
  Use: Scroll            |     2 |       ||     2
       Potion            |     1 |       ||     1
Armor: Robe              |    15 |       ||    15
Dodge: Dodged            |    62 |     7 ||    69

Table legend:
 A = Non-vault XP
 B = Vault XP
 C = Vault XP percentage of total XP
 D = Non-vault monster count
 E = Vault monster count
 F = Vault count percentage of total count
                 A         B        C        D         E       F
            +---------+---------+-------+---------+---------+-------
      Total |      91 |      35 |  27.8 |      25 |       1 |   3.8
            +---------+---------+-------+---------+---------+-------
        D:1 |      30 |       0 |   0.0 |      18 |       0 |   0.0
        D:2 |      61 |      35 |  36.5 |       7 |       1 |  12.5
            +---------+---------+-------+---------+---------+-------
